 Dungeon Crawl Stone Soup version 0.18.1-48-g4cf74bf (webtiles) character file.

123 Alarkh the Shooter (level 4, 0/33 HPs)
             Began as a Mummy Hunter on Aug 15, 2016.
             Slain by Natasha (4 damage)
             ... on level 3 of the Dungeon.
             The game lasted 00:02:33 (2140 turns).

Alarkh the Shooter (Mummy Hunter)                   Turns: 2140, Time: 00:02:34

Health: 0/33       AC:  3    Str: 15    XL:     4   Next: 80%
Magic:  4/4        EV: 11    Int: 11    God:
Gold:   162        SH:  0    Dex: 12    Spells: 0 memorised, 3 levels left

rFire  x . .     SeeInvis .     b - +1 short sword (drain)
rCold  + + .     Gourm    .     c - +0 leather armour
rNeg   + + +     Faith    .     (no shield)
rPois  ∞         Spirit   .     (no helmet)
rElec  .         Dismiss  .     (no cloak)
rCorr  .         Reflect  .     (no gloves)
SustAt .         Harm     .     (no boots)
MR     .....                    (no amulet)
Stlth  +.........               (no ring)
                                g - ring of protection from cold

@: slowed, very slow, not resistant to hostile enchantments, very unstealthy
A: no food or potions, fire vulnerability, cold resistance 1, negative energy
resistance 3, torment resistance, unbreathing
a: no special abilities


You were on level 3 of the Dungeon.
You were not hungry.

You visited 1 branch of the dungeon, and saw 3 of its levels.

You collected 162 gold pieces.

Inventory:

Hand Weapons
 a - a +1 shortbow
 b - a +1 short sword of draining (weapon)
 n - a +0 short sword
Missiles
 d - 22 arrows
Armour
 c - a +0 leather armour (worn)
Jewellery
 g - a ring of protection from cold (left hand)
Wands
 o - a wand of paralysis (15/24)
Scrolls
 e - 2 scrolls of blinking {unknown}
 f - a scroll of identify {unknown}
 h - a scroll of teleportation {unknown}
 i - 2 scrolls of enchant weapon {unknown}
 j - a scroll of amnesia {unknown}
 k - a scroll of magic mapping {unknown}
 l - 2 scrolls of remove curse
 m - a scroll of noise {unknown}


   Skills:
 - Level 2.0 Fighting
 + Level 5.1 Bows
 - Level 1.5 Dodging
 - Level 0.7 Stealth


You had 3 spell levels left.
You didn't know any spells.

Dungeon Overview and Level Annotations

Branches:
Dungeon (3/15)

Altars:
Ashenzari
Qazlal

Annotations:
D:3 Natasha


Innate Abilities, Weirdness & Mutations

You do not eat or drink.
Your flesh is vulnerable to fire.
You are immune to poison.
Your flesh is cold resistant.
You are immune to negative energy.
You are immune to unholy pain and torment.
You can survive without breathing.


Message History

Natasha casts a spell at you.
You feel yourself slow down.
The crimson imp hits you but does no damage.
Natasha casts a spell at you. You resist with some effort.
You barely miss Natasha.
Natasha is heavily wounded.
The crimson imp closely misses you. The crimson imp hits you.
* * * LOW HITPOINT WARNING * * *
Natasha claws you but does no damage. The crimson imp closely misses you.
The crimson imp barely misses you.
Unknown command.
You hit Natasha.
Natasha is severely wounded.
Natasha completely misses you. The crimson imp hits you.
* * * LOW HITPOINT WARNING * * *
The crimson imp hits you.
* * * LOW HITPOINT WARNING * * *
Natasha claws you.
You die...

#.........#.#......#######
#.###.###.#.#.##.........#
#.# ### #.#.#.##########.#
#.# #.#.#.# #.# #.#
#..#..# #.# #.# #.###.##
#.# ### #.# #.## ##.#
###.###.. #.# ## ##.##
#........ #.. #5@#
#.......# #.h5.#
##.......# #.....#
#..........#
#..........##.......#
##.....### ####...##
##...## ##### ##.## ###


You could see Natasha and 2 crimson imps.

Vanquished Creatures
  Ijyb (D:3)
  3 adders
  An ooze (D:3)
  A worm (D:2)
  4 dart slugs
  2 giant geckos
  3 giant cockroaches
  8 goblins
  5 hobgoblins
  A quokka (D:2)
  4 ball pythons
  2 bats
  5 giant newts
  10 kobolds
  6 rats
56 creatures vanquished.

Notes
Turn   | Place    | Note
--------------------------------------------------------------
     0 | D:1      | Alarkh the Mummy Hunter began the quest for the Orb.
     0 | D:1      | Reached XP level 1. HP: 16/16 MP: 1/1
   323 | D:1      | Reached XP level 2. HP: 22/22 MP: 2/2
   701 | D:2      | Reached skill level 4 in Bows
   798 | D:2      | Found a shattered altar of Ashenzari.
   900 | D:2      | Reached XP level 3. HP: 26/27 MP: 3/3
  1617 | D:3      | Reached XP level 4. HP: 33/33 MP: 4/4
  1733 | D:3      | Noticed Ijyb
  1754 | D:3      | Killed Ijyb
  1754 | D:3      | Reached skill level 5 in Bows
  1864 | D:3      | Found a stormy altar of Qazlal.
  2128 | D:3      | Noticed Natasha
  2140 | D:3      | Slain by Natasha

Skill      XL: |  1  2  3  4 |
---------------+-------------+-----
Bows           | 4 5 |  5.1
Fighting       | |  2.0
Dodging        | |  1.5
Stealth        | |  0.7

Action                   |  1- 3 |  4- 6 || total
-------------------------+-------+-------++-------
Melee: Short sword       |       |    28 ||    28
 Fire: Shortbow          |   121 |    34 ||   155
  Use: Scroll            |     2 |       ||     2
 Stab: Sleeping          |       |     1 ||     1
Armor: Leather armour    |     5 |    14 ||    19
Dodge: Dodged            |    21 |    37 ||    58
